 Dungeon Crawl Stone Soup version 0.29.1-14-g9c671dbff4 (webtiles) character file.

Game seed: 4404087779904644692

308 Cape the Shield-Bearer (level 6, -8/55 HPs)
             Began as a Minotaur Fighter on Feb 16, 2023.
             Killed by divine providence
             ... invoked by an orc priest
              (15 damage)
             ... on level 4 of the Dungeon.
             The game lasted 00:13:02 (3148 turns).

Cape the Shield-Bearer (Minotaur Fighter)           Turns: 3148, Time: 00:13:03

Health: -8/55      AC: 12    Str: 22    XL:     6   Next: 17%
Magic:  5/5        EV:  4    Int:  5    God:
Gold:   205        SH: 12    Dex: 10    Spells: 5/5 levels left

rFire   . . .      SeeInvis .   a - +0 war axe
rCold   . . .      Faith    .   g - +0 tower shield
rNeg    . . .      Spirit   .   n - +0 chain mail
rPois   .          Reflect  .   (helmet restricted)
rElec   .          Harm     .   (no cloak)
rCorr   .          Rampage  .   m - +0 pair of gloves
Will    .....                   f - +0 pair of boots
Stlth   ..........              (no amulet)
HPRegen 0.18/turn               b - +4 ring of slaying
MPRegen 0.09/turn               (no ring)

@: no status effects
A: horns 2, retaliatory headbutt
a: no special abilities


You were on level 4 of the Dungeon.
You visited 1 branch of the dungeon, and saw 4 of its levels.

You collected 205 gold pieces.

Inventory:

Hand Weapons
 a - a +0 war axe (weapon)
Missiles
 q - 7 poisoned darts (quivered)
Armour
 f - a +0 pair of boots (worn)
 g - a +0 tower shield (worn)
 m - a +0 pair of gloves (worn)
 n - a +0 chain mail (worn)
Jewellery
 b - a +4 ring of slaying (left hand)
Wands
 o - a wand of flame (17)
Scrolls
 c - a scroll of magic mapping
 e - 4 scrolls of teleportation
Potions
 d - a potion of might
 h - a potion of magic
 i - a potion of berserk rage
 j - a potion of invisibility {unknown}
 k - 2 potions of haste {unknown}
 l - a potion of lignification {unknown}
 p - a potion of brilliance {unknown}


   Skills:
 + Level 4.8 Fighting
 * Level 4.8 Axes
 + Level 4.7 Armour
 * Level 5.5 Shields
 + Level 0.6 Evocations


You had 5 spell levels left.
You didn't know any spells.
Your spell library contained the following spells:

 Spells                   Type           Power      Damage    Failure   Level
 Inner Flame              Hex/Fire       0%         N/A       100%        3
 Cause Fear               Hex            0%         N/A       100%        4
 Discord                  Hex            0%         N/A       100%        8


Dungeon Overview and Level Annotations

Branches:
Dungeon (4/15)
 Temple: D:4-7

Altars:


Innate Abilities, Weirdness & Mutations

You have a pair of horns on your head.
You reflexively headbutt those who attack you in melee.


Message History

You block the orc priest's attack.
Things that are here:
a +0 flail; a +0 ring mail; an orc corpse You hit the orc priest.
The orc priest is moderately wounded.
The orc priest hits you but does no damage.
You barely miss the orc priest.
The orc priest is moderately wounded.
The orc priest hits you but does no damage.
The orc priest mumbles some strange prayers to Beogh against you.
Beogh smites you! The orc hits you with a +0 war axe.
You are too injured to fight recklessly!
You are too injured to fight recklessly!
The orc attacks as you move away! You block the orc's attack.
The orc priest calls down the wrath of Beogh upon you.
Beogh smites you!
* * * LOW HITPOINT WARNING * * *
Okay, then.
Okay, then.
Unknown command.
As you read the scroll of teleportation, it crumbles to dust.
You feel strangely unstable. The orc hits you with a +0 war axe.
* * * LOW HITPOINT WARNING * * *
The orc priest miscasts a cantrip.
The orc priest looks encouraged for a moment.
Your surroundings suddenly seem different.
Found a ring mail.
Found an escape hatch in the ceiling.
You see here a +0 ring mail.
Okay, then.
Number of times to repeat, then command key: You must enter the number of times for the command to repeat.
Unknown command.
An orc priest is nearby!
The orc priest shouts!
The orc priest invokes the aid of Beogh against you.
Beogh smites you!
* * * LOW HITPOINT WARNING * * *
The orc priest mumbles some strange prayers to Beogh against you.
Beogh smites you!
You die...

#..........##.#
#.............#
#..............
#..............
#.............
#.............
#....[.......
##....<......
##..@.......
##.........
#####o....
..### . ## .#
..##. ##. .#
..... ##... ##
#...## #..... #
#..#.###......


You could see an orc priest.

Vanquished Creatures
  Edmund (D:4)
  An orc priest (D:2)
  Ijyb (D:3)
  Robin (D:3)
  An adder (D:3)
  A gnoll (D:1)
  2 worms
  3 dart slugs
  7 orcs
  7 ball pythons
  5 endoplasms
  4 giant cockroaches
  15 goblins
  6 hobgoblins
  3 jackals (D:3)
  7 kobolds
  4 quokkas
  8 bats
  A frilled lizard (D:1)
  4 rats
82 creatures vanquished.

Notes
Turn   | Place    | Note
-------+----------+-------------------------------------------
     0 | D:1      | Cape the Minotaur Fighter began the quest for the Orb.
     0 | D:1      | Reached XP level 1. HP: 19/19 MP: 0/0
    52 | D:1      | Reached XP level 2. HP: 7/27 MP: 1/1
   550 | D:1      | Found a faded altar of an unknown god.
   680 | D:1      | Reached XP level 3. HP: 33/33 MP: 2/2
   873 | D:1      | Reached skill level 4 in Shields
  1462 | D:2      | Reached XP level 4. HP: 22/40 MP: 3/3
  2098 | D:3      | Noticed Ijyb
  2102 | D:3      | Killed Ijyb
  2103 | D:3      | Identified the +1 robe of Jigsaw {rC+}
  2339 | D:3      | Reached XP level 5. HP: 47/47 MP: 4/4
  2475 | D:3      | Noticed Robin
  2496 | D:3      | Killed Robin
  2681 | D:3      | Reached skill level 5 in Shields
  3078 | D:4      | Noticed Edmund
  3089 | D:4      | Killed Edmund
  3090 | D:4      | Reached XP level 6. HP: 48/55 MP: 5/5
  3148 | D:4      | Killed from afar by an orc priest

Illustrated notes

Levels and vault maps discovered:
D:1:      noname_arrival_rooms_in_the_neighbourhood, layout_basic,
          hellmonk_ecumenical_altar_crossroads, minmay_tetromino_t2
D:2:      layout_basic, serial_glass, glass_columns_c, glass_columns_b,
          minmay_misc_feat_pillars
D:3:      layout_basic, grunt_ministairs_15, uniq_robin, uniq_ijyb
D:4:      layout_cave_pods, dreamdust_princess_corridor, uniq_edmund

Skill      XL: |  1  2  3  4  5 |
---------------+----------------+-----
Fighting       | 4 |  4.8
Axes           | 3 4 |  4.8
Shields        | 4 5 |  5.5
Armour         | 4 |  4.7
Evocations     | |  0.6

Action                   |  1- 3 |  4- 6 || total
-------------------------+-------+-------++-------
Melee: War axe           |    68 |    92 ||   160
       Headbutt          |    12 |    11 ||    23
Throw: Throwing net      |       |     1 ||     1
Evoke: Wand              |       |     2 ||     2
  Use: Scroll            |     6 |     4 ||    10
       Potion            |     1 |       ||     1
Armor: Scale mail        |    24 |       ||    24
       Chain mail        |    14 |    52 ||    66
Dodge: Dodged            |    24 |    10 ||    34
Block: Buckler           |     8 |       ||     8
       Tower shield      |    33 |    63 ||    96
